 Dungeon Sprint DCSS version 0.19-a0-1490-g5dd3618 (webtiles) character file.

5746 poirepourri the Imperceptible (level 10, -3/44 HPs)
             Began as a Spriggan Enchanter on Sept 8, 2016.
             Was a High Priest of Dithmenos.
             Killed by an exploding giant spore (16 damage)
             ... in the Dungeon (Sprint I: "Red Sonja").
             The game lasted 00:04:43 (1273 turns).

poirepourri the Imperceptible (Spriggan Enchanter)  Turns: 1273, Time: 00:04:45

Health: -3/44      AC:  6    Str:  4    XL:     10   Next: 49%
Magic:  27/27      EV: 30    Int: 21    God:    Dithmenos [*****.]
Gold:   658        SH:  0    Dex: 20    Spells: 5 memorised, 21 levels left

rFire  . . .     SeeInvis +     s - +2 dagger (drain)
rCold  . . .     Gourm    .     v - +1 robe {rN+}
rNeg   + + .     Faith    .     (shield restricted)
rPois  +         Spirit   .     (helmet restricted)
rElec  .         Dismiss  .     o - +2 cloak {rPois}
rCorr  .         Reflect  .     (gloves unavailable)
MR     +....     Harm     .     (boots unavailable)
Stlth  ++++++.... NoTele   +    (no amulet)
                                u - +4 ring of intelligence
                                t - ring of positive energy

@: confused, wreathed by umbra, very quick
A: unfitting armour, see invisible, herbivore 3, speed 3, slow metabolism 2
a: Shadow Step, Shadow Form, Renounce Religion


You were in the Dungeon.
You worshipped Dithmenos.
Dithmenos was extremely pleased with you.
You were not hungry.

You visited 1 branch You collected 1552 gold pieces.
You spent 894 gold pieces at shops.

Inventory:

Hand Weapons
 a - a +2 dagger
 f - a +0 shortbow
 k - a +1 vampiric dagger
 q - a +1 vampiric dagger
 s - a +2 dagger of draining (weapon)
Missiles
 p - 59 arrows
Armour
 b - a +1 robe
 o - a +2 cloak of poison resistance (worn)
 v - a +1 robe of positive energy (worn)
Jewellery
 t - a ring of positive energy (left hand)
 u - a +4 ring of intelligence (right hand)
Wands
 l - a wand of digging (9/24)
 w - a wand of disintegration (7/24)
Scrolls
 j - a scroll of blinking
Potions
 e - 2 potions of curing
 g - a potion of haste
 h - 3 potions of magic
 i - a potion of berserk rage
 m - a potion of brilliance {unknown}
 r - 2 potions of degeneration {unknown}
Books
 c - a book of Maledictions

   Spells                             Type                      Level
   a - Corona                         Hexes                        1
   b - Ensorcelled Hibernation        Hexes/Ice                    2
   c - Confuse                        Hexes                        3
   d - Tukima's Dance                 Hexes                        3
   e - Dazzling Spray                 Conjuration/Hexes            3
Comestibles
 d - 2 bread rations
 n - a royal jelly


   Skills:
 + Level 5.5 Short Blades
 + Level 12.9 Dodging
 + Level 22.4 Stealth
 + Level 12.2 Spellcasting
 + Level 14.8 Hexes
 + Level 2.7 Ice Magic


You had 21 spell levels left.
You knew the following spells:

 Your Spells              Type           Power        Failure   Level  Hunger
a - Corona                Hex            ######.      0%          1    None
b - Ensorcelled Hibernat  Hex/Ice        #####.       1%          2    None
c - Confuse               Hex            ######..     1%          3    None
d - Tukima's Dance        Hex            ######..     1%          3    None
e - Dazzling Spray        Conj/Hex       #####.       1%          3    None


Dungeon Overview and Level Annotations

Branches:
Dungeon (1/1)

Altars:
Cheibriados
Dithmenos
Elyvilon
Fedhas
Gozag
Hepliaklqana
Kikubaaqudgha
Makhleb
Nemelex Xobeh
Okawaru
Qazlal
Ru
Sif Muna
Trog
Uskayaw
Vehumet
Xom
Yredelemnul
Zin
The Shining One
Jiyva
Lugonu

Shops:
D [(=[[?[}:?(([}[=


Innate Abilities, Weirdness & Mutations

You are tiny and cannot use many weapons and most armour.
You have supernaturally acute eyesight. (SInv)
You are a herbivore.
You cover ground extremely quickly.
You need consume almost no food.


Message History

Things that are here:
an uncursed dagger of distortion; an uncursed blowgun; 5 curare-tipped needles You open the door. 2 giant spores come into view.
Found four items.
Found 54 gold pieces.
There is an open door here.
The helpless giant spore fails to defend itself.
You skewer the giant spore like a kebab!!!!!
The giant spore explodes!
The explosion of spores engulfs you!
You are confused.
Ouch! That really hurt!
* * * LOW HITPOINT WARNING * * *
You emit a cloud of dark smoke.
A fungus suddenly grows.
The explosion of spores engulfs the giant spore.
The giant spore explodes!
The explosion of spores engulfs you!
You are more confused.
You die...

#..#_____##'#..'≈§§§§§§§#
#⌠⌠#_.∩...'..._#§§§§§#..#
####_..__##_.#'##'#####'###
#_____###'#.#....###.'.#
#########.####'###.###§#
......'...'..†..'.∩##§#
+++####.).###########.#
##§###.....§§##.# #@#
#...§.§§§§§#
#$§§§$#''§######§#
#$?P$$#....§§.§#§#
#######....§.§#§§#
#[†}......§§§####
#.(.)..§.§.§≈#
##.......≈≈≈## ###..≈≈≈≈###
###'######.###


There were no monsters in sight!

Vanquished Creatures
  2 centaur warriors (D)
  Sonja (D)
  A deep troll (D)
  2 unseen horrors (D)
  An oklob plant (D)
  A slime creature (D)
  2 redbacks (D)
  Sigmund (D)
  A yak (D)
  A giant eyeball (D)
  7 necrophages (D)
  A wasp (D)
  An ogre (D)
  8 jellies (D)
  Ijyb (D)
31 creatures vanquished.

Vanquished Creatures (others)
  2 wasps (D)
2 creatures vanquished.

Grand Total: 33 creatures vanquished

Notes
Turn   | Place    | Note
-------+----------+-------------------------------------------
     0 | D        | poirepourri the Spriggan Enchanter began the quest for the Orb.
     0 | D        | Reached XP level 1. HP: 9/9 MP: 5/5
     3 | D        | Noticed Ijyb
    24 | D        | Killed Ijyb
    24 | D        | Reached skill level 6 in Stealth
    24 | D        | Reached skill level 5 in Hexes
    24 | D        | Reached XP level 2. HP: 2/13 MP: 6/8
   306 | D        | Noticed an ogre
   308 | D        | Killed an ogre
   308 | D        | Reached skill level 5 in Dodging
   308 | D        | Reached skill level 8 in Stealth
   308 | D        | Reached skill level 5 in Spellcasting
   308 | D        | Reached XP level 3. HP: 16/16 MP: 8/10
   308 | D        | Reached XP level 4. HP: 21/21 MP: 9/12
   312 | D        | Learned a level 2 spell: Ensorcelled Hibernation
   316 | D        | Learned a level 3 spell: Confuse
   320 | D        | Learned a level 3 spell: Tukima's Dance
   324 | D        | Learned a level 3 spell: Dazzling Spray
   334 | D        | Noticed Sigmund
   337 | D        | Killed Sigmund
   337 | D        | Reached skill level 11 in Stealth
   337 | D        | Reached XP level 5. HP: 24/24 MP: 12/14
   363 | D        | Found a deep blue altar of Sif Muna.
   365 | D        | Found a radiant altar of Vehumet.
   369 | D        | Reached XP level 6. HP: 28/28 MP: 14/16
   398 | D        | Found Banaduc's Antique Armour Emporium.
   398 | D        | Found an ancient bone altar of Kikubaaqudgha.
   398 | D        | Found a hazy altar of Hepliaklqana.
   398 | D        | Found a stormy altar of Qazlal.
   398 | D        | Found a hide-covered altar of Uskayaw.
   398 | D        | Found a blossoming altar of Fedhas.
   398 | D        | Found a bloodstained altar of Trog.
   398 | D        | Found an iron altar of Okawaru.
   398 | D        | Found a basalt altar of Yredelemnul.
   398 | D        | Found a glowing golden altar of the Shining One.
   398 | D        | Found a snail-covered altar of Cheibriados.
   398 | D        | Found a sacrificial altar of Ru.
   398 | D        | Found a glowing silver altar of Zin.
   398 | D        | Found a shadowy altar of Dithmenos.
   398 | D        | Found a white marble altar of Elyvilon.
   398 | D        | Noticed a yak
   399 | D        | Found an opulent altar of Gozag.
   400 | D        | Killed a yak
   400 | D        | Reached skill level 12 in Stealth
   400 | D        | Reached skill level 10 in Hexes
   401 | D        | Found a sparkling altar of Nemelex Xobeh.
   409 | D        | Became a worshipper of Dithmenos the Shadowed
   414 | D        | Bought an embroidered cloak for 99 gold pieces
   432 | D        | Found a burning altar of Makhleb.
   432 | D        | Found a viscous altar of Jiyva.
   432 | D        | Found a shimmering altar of Xom.
   432 | D        | Found a corrupted altar of Lugonu.
   432 | D        | Noticed a slime creature
   446 | D        | Killed a slime creature
   446 | D        | Reached skill level 13 in Stealth
   446 | D        | Reached XP level 7. HP: 32/32 MP: 10/19
   629 | D        | Noticed a centaur warrior
   635 | D        | Noticed a centaur warrior
   642 | D        | Killed a centaur warrior
   642 | D        | Reached skill level 10 in Dodging
   642 | D        | Reached skill level 15 in Stealth
   642 | D        | Reached XP level 8. HP: 36/36 MP: 14/22
   659 | D        | Killed a centaur warrior
   659 | D        | Reached * piety under Dithmenos
   659 | D        | Reached skill level 17 in Stealth
   659 | D        | Reached skill level 10 in Spellcasting
   659 | D        | Reached skill level 1 in Ice Magic
   659 | D        | Reached XP level 9. HP: 39/39 MP: 12/24
   784 | D        | Noticed an oklob plant
   786 | D        | Killed an oklob plant
   786 | D        | Reached skill level 18 in Stealth
   795 | D        | Reached ** piety under Dithmenos
   857 | D        | Noticed an unseen horror
   858 | D        | Noticed an unseen horror
   864 | D        | Killed an unseen horror
   864 | D        | Reached skill level 19 in Stealth
   866 | D        | Killed an unseen horror
   866 | D        | Reached skill level 5 in Short Blades
   866 | D        | Reached skill level 20 in Stealth
   869 | D        | Reached *** piety under Dithmenos
   871 | D        | Reached XP level 10. HP: 44/44 MP: 26/26
   908 | D        | Reached **** piety under Dithmenos
  1041 | D        | Found Lucaciq's Antique Armour Boutique.
  1041 | D        | Found Cuton's Gadget Emporium.
  1042 | D        | Found Gumeghou's Jewellery Emporium.
  1045 | D        | Reached ***** piety under Dithmenos
  1049 | D        | Reached skill level 21 in Stealth
  1068 | D        | Got a smoking falchion
  1133 | D        | Found Benolioh's Jewellery Shoppe.
  1133 | D        | Found Laceh's Weapon Shop.
  1133 | D        | Found Ypreny's Armour Boutique.
  1135 | D        | Found Ranyitont's Antique Armour Emporium.
  1135 | D        | Found Kehechiedo's Magic Scroll Shop.
  1135 | D        | Found Xahel's Armour Shoppe.
  1135 | D        | Found Dich's Gadget Boutique.
  1135 | D        | Found Joihonul's Book Emporium.
  1135 | D        | Found Zokhle Ehusa's Magic Scroll Shop.
  1135 | D        | Found Ejeg Via's Antique Weapon Shoppe.
  1139 | D        | Found Geilot's Weapon Boutique.
  1150 | D        | Bought a runed dagger for 48 gold pieces
  1150 | D        | Bought a runed dagger for 48 gold pieces
  1165 | D        | Bought an uncursed ring of positive energy for 240 gold pieces
  1165 | D        | Bought a +4 ring of intelligence for 324 gold pieces
  1214 | D        | Noticed a deep troll
  1216 | D        | Killed a deep troll
  1222 | D        | Found Juzung's Armour Emporium.
  1230 | D        | Bought a +1 robe of positive energy for 135 gold pieces
  1249 | D        | Noticed Sonja
  1252 | D        | Killed Sonja
  1252 | D        | Reached skill level 22 in Stealth
  1273 | D        | Killed by an exploding giant spore

Vault maps used:
D:        dungeon_sprint_1

Skill      XL: |  1  2  3  4  5  6  7  8  9 10 |
---------------+-------------------------------+-----
Dodging        | 4 5 7 9 10 11 12 | 12.9
Stealth        | 6 8 11 13 15 17 20 22 | 22.4
Spellcasting   | 4 5 6 7 9 10 11 12 | 12.2
Hexes          | 5 7 9 11 12 13 14 | 14.8
Short Blades   | 2 3 4 5 |  5.5
Ice Magic      | 1 2 |  2.7

Action                   |  1- 3 |  4- 6 |  7- 9 | 10-12 || total
-------------------------+-------+-------+-------+-------++-------
Melee: Dagger            |    20 |    12 |    18 |    21 ||    71
 Cast: Confuse           |       |     3 |     1 |     4 ||     8
       Ensorcelled Hiber |       |       |     4 |     5 ||     9
  Use: Potion            |       |       |     1 |       ||     1
       Scroll            |       |       |     1 |       ||     1
 Stab: Sleeping          |     2 |     4 |    10 |    13 ||    29
       Confused          |       |     1 |     2 |     2 ||     5
Armor: Robe              |     2 |       |       |     1 ||     3
Dodge: Dodged            |    10 |     5 |     5 |    14 ||    34
